 Dungeon Crawl Stone Soup version 0.31.0-12-g77e489cdc1 (webtiles) character file.

Game seed: 15592332395605953728

3241 Gadfly the Fighter (level 9, -19/144 HPs)
             Began as an Oni Berserker on Feb 24, 2024.
             Was an Elder of Trog.
             Demolished by an orc warlord
             ... wielding a +6 broad axe
              (22 damage)
             ... in a bailey.
             The game lasted 00:07:46 (7774 turns).

Gadfly the Fighter (Oni Berserker)                  Turns: 7774, Time: 00:07:46

Health: -19/144    AC: 12    Str: 25    XL:     9   Next: 99%
Magic:  9/9        EV: 10    Int:  8    God:    Trog [****..]
Gold:   1109       SH:  0    Dex: 10    Spells: 8/8 levels left

rFire   . . .        a - +2 flail (protect)
rCold   . . .        (no shield)
rNeg    . . .        l - +0 animal skin
rPois   .            e - +1 hat
rElec   .            j - +0 cloak
rCorr   .            (gloves unavailable)
SInv    .            (boots unavailable)
Will    .....        g - amulet of faith Stlth
                     (no ring)
HPRegen 0.44/turn    (no ring)
MPRegen 0.11/turn

%: faith
@: berserking (expiring), under a protective aura, very quick
A: large, unfitting armour, horns 1, tough skin 1, double potion healing,
drunken brawling
a: Renounce Religion, Berserk, Trog's Hand, Brothers in Arms


You were in a bailey.
You worshipped Trog.
Trog was greatly pleased with you.
You visited 1 branch of the dungeon, and saw 7 of its levels.
You also visited: Bailey.

You collected 1109 gold pieces.

Inventory:

Hand Weapons
 a - a +2 flail of protection (weapon)
 b - a +0 antimagic dire flail
 k - a +1 dagger of draining
 o - a +0 flail of flaming
Armour
 e - a +1 hat (worn)
 j - a +0 cloak (worn)
 l - a +0 animal skin (worn)
Jewellery
 g - an amulet of faith (around neck)
Wands
 h - a wand of flame (21)
 m - a wand of acid (9)
Scrolls
 c - a scroll of enchant armour
 d - 3 scrolls of fog
 n - 2 scrolls of vulnerability
 q - 3 scrolls of teleportation
 t - 2 scrolls of fear
 v - a scroll of blinking {unknown}
Potions
 f - 2 potions of mutation
 i - a potion of lignification
 p - a potion of curing
 r - 2 potions of invisibility {unknown}
 s - a potion of heal wounds {unknown}
 u - a potion of cancellation {unknown}


   Skills:
 + Level 8.0 Fighting
 * Level 7.9 Maces & Flails
 * Level 6.5 Armour
 - Level 2.6 Dodging
 * Level 5.9 Evocations


You had 8 spell levels left.
You didn't know any spells.
Your spell library was empty.

Dungeon Overview and Level Annotations

Branches:
Dungeon (7/15)             Bailey (1/1)
 Temple: D:4-7

Altars:
Ashenzari
Trog
Uskayaw
Yredelemnul


Innate Abilities, Weirdness & Mutations

You are too large for most types of armour.
You have a pair of small horns on your head.
You have tough skin. (AC +1)
You gain doubled healing and magic from potions.
Whenever you drink a healing potion, you attack all around you.


Message History

You are too injured to fight recklessly!
You are too injured to fight recklessly!
You are too injured to fight recklessly!
You are too injured to fight recklessly!
You barely miss the orc warlord.
The orc warlord is moderately wounded.
The orc warlord hits you with a +6 broad axe!!
* * * LOW HITPOINT WARNING * * *
You sock the orc warlord!
The orc warlord is moderately wounded.
You sock the orc warlord! Your headbutt misses the orc warlord.
The orc warlord is heavily wounded.
The orc warlord is no longer covered in acid.
The orc warlord hits you with a +6 broad axe!!
* * * LOW HITPOINT WARNING * * *
You hit the orc warlord. You headbutt the orc warlord.
The orc warlord is heavily wounded.
The orc warlord hits you with a +6 broad axe.
* * * LOW HITPOINT WARNING * * *
You sock the orc warlord!
The orc warlord is severely wounded.
The orc warlord closely misses you.
You hit the orc warlord but do no damage.
The orc warlord is severely wounded.
You barely miss the orc warlord.
The orc warlord is severely wounded.
The orc warlord hits you with a +6 broad axe!
* * * LOW HITPOINT WARNING * * *
You are too berserk!
You hit the orc warlord.
The orc warlord is severely wounded.
The orc warlord hits you with a +6 broad axe!
* * * LOW HITPOINT WARNING * * *
Okay, then.
You barely miss the orc warlord. You headbutt the orc warlord.
The orc warlord is severely wounded.
You hit the orc warlord.
The orc warlord is almost dead.
The orc warlord hits you with a +6 broad axe!!
You die...

#..........'.....'....8
#...8......#########...
##......####~~ #~~~##..
##.....#~~#~. ...)~#..
##....#~........!~#..
#...##~8.8...8.8##..
#...'~~........o#...
#...'~~....∩....#...
#..@o~~.........#..(
#...##~8.8...8.8##..
##....#~........!~#..
##.....#~~#~....."~#..
##......#### #~~~##..
#...8......#########.[.
#..........[[(...(....8
#........[.#[~~~~#[(...
##..8..8...#~~~~~#.....


You could see an orc warlord.

Vanquished Creatures
  2 two-headed ogres
  Prince Ribbit (D:5)
  Edmund (D:5)
  5 orc warriors
  An ice beast (D:5)
  A sky beast (D:6)
  A centaur (D:6)
  A phantom (D:6)
  A bullfrog (D:6)
  A scorpion (D:5)
  4 killer bees (D:7)
  A bombardier beetle (D:3)
  A quasit (D:6)
  2 jellies (D:6)
  2 orc priests
  3 iguanas
  4 orc wizards (D:6)
  2 sleepcaps (D:5)
  Robin (D:3)
  5 gnolls
  5 adders
  6 ufetubi (D:6)
  5 dart slugs
  A ribbon worm (D:5)
  12 orcs
  7 bats
  7 endoplasms
  A giant cockroach (D:4)
  20 goblins
  8 hobgoblins
  5 jackals
  16 kobolds
  2 quokkas (D:4)
  3 ball pythons
  2 frilled lizards (D:3)
  9 rats
149 creatures vanquished.

Notes
Turn   | Place    | Note
-------+----------+-------------------------------------------
     0 | D:1      | Gadfly the Oni Berserker began the quest for the Orb.
     0 | D:1      | Reached XP level 1. HP: 24/24 MP: 1/1
    76 | D:1      | Reached XP level 2. HP: 6/32 MP: 2/2
   597 | D:1      | Reached skill level 1 in Armour
   742 | D:1      | Reached skill level 1 in Evocations
   742 | D:1      | Reached XP level 3. HP: 35/39 MP: 3/3
  1495 | D:2      | Reached ** piety under Trog
  1550 | D:2      | Reached XP level 4. HP: 46/49 MP: 4/4
  1615 | D:2      | Found a bloodstained altar of Trog.
  1933 | D:2      | Identified a scroll of acquirement
  1933 | D:2      | Acquired 708 gold pieces
  1947 | D:3      | Found a basalt altar of Yredelemnul.
  2237 | D:3      | Reached XP level 5. HP: 46/55 MP: 5/5
  2339 | D:3      | Noticed Robin
  2368 | D:3      | Killed Robin
  2553 | D:3      | Found a faded altar of an unknown god.
  3090 | D:4      | Reached skill level 5 in Fighting
  3090 | D:4      | Reached XP level 6. HP: 50/66 MP: 6/6
  3170 | D:4      | Reached *** piety under Trog
  3748 | D:5      | Entered Level 5 of the Dungeon
  3748 | D:5      | Noticed an ice beast
  3758 | D:5      | Killed an ice beast
  4165 | D:5      | Noticed Prince Ribbit
  4179 | D:5      | HP: 1/66 [Prince Ribbit (14)]
  4185 | D:5      | Killed Prince Ribbit
  4186 | D:5      | Reached skill level 5 in Maces & Flails
  4186 | D:5      | Reached XP level 7. HP: 11/72 MP: 7/7
  4384 | D:5      | Noticed Edmund
  4392 | D:5      | Killed Edmund
  4418 | D:5      | Noticed a two-headed ogre
  4817 | D:5      | Killed a two-headed ogre
  4818 | D:5      | Reached skill level 6 in Fighting
  4818 | D:5      | Reached XP level 8. HP: 81/84 MP: 8/8
  5145 | D:5      | Found a hide-covered altar of Uskayaw.
  5531 | D:6      | Found a broken altar of Ashenzari.
  5575 | D:6      | Reached skill level 5 in Armour
  5776 | D:6      | Reached XP level 9. HP: 83/92 MP: 9/9
  5935 | D:6      | Reached skill level 7 in Fighting
  6360 | D:6      | Reached skill level 5 in Evocations
  6599 | D:7      | Noticed a two-headed ogre
  6606 | D:6      | Reached **** piety under Trog
  6659 | D:6      | Killed a two-headed ogre
  7039 | D:7      | Found a flagged portal.
  7044 | Bailey   | Entered a bailey
  7049 | Bailey   | Noticed an orc warlord
  7298 | Bailey   | Reached skill level 8 in Fighting
  7510 | Bailey   | Found a runed translucent gate.
  7513 | Bailey   | Found a runed translucent gate.
  7514 | Bailey   | Found a runed translucent gate.
  7772 | Bailey   | HP: 3/144 [orc warlord/+6 broad axe (9)]
  7774 | Bailey   | Demolished by an orc warlord

Illustrated notes

Levels and vault maps discovered:
D:1:      saegor_arrival_simple_a, layout_loops_corners,
          minmay_misc_feat_ornament
D:2:      layout_basic, basic_altar, minmay_tromino_v7
D:3:      layout_loops_ring, yredelemnul_altar_generic,
          shapermc_ecumenical_altar_totnotflames, uniq_robin
D:4:      layout_loops_ring
D:5:      layout_basic, nicolae_uskayaw_suspiria, dk_noncrumbling_3,
          uniq_edmund, uniq_prince_ribbit1
D:6:      layout_gridville, nicolae_ashenzari_panopticon, serial_demonic,
          serial_demonic_f, serial_demonic_b, serial_demonic_d,
          serial_demonic_b, serial_demonic_c
D:7:      layout_loops_cross, fedhas_ov_isle_minmay, minmay_temple_entry_grid,
          enter_bailey_3, serial_shops, kennysheep_mini_moat
Bailey:   bailey_axe_bossmonster_kennysheep, bailey

Skill      XL: |  1  2  3  4  5  6  7  8  9 |
---------------+----------------------------+-----
Armour         | 1 2 3 4 5 6 |  6.5
Evocations     | 1 2 3 4 5 |  5.9
Maces & Flails | 4 5 6 7 |  7.9
Fighting       | 5 6 8 |  8.0
Dodging        | |  2.6

Action                     |  1- 3 |  4- 6 |  7- 9 || total
---------------------------+-------+-------+-------++-------
  Melee: Mace              |    93 |    61 |       ||   154
         Headbutt          |    12 |    19 |    36 ||    67
         Flail             |       |   110 |   209 ||   319
         Dire flail        |       |       |     9 ||     9
         Punch             |       |       |     1 ||     1
 Invoke: Berserk           |       |     1 |     4 ||     5
  Evoke: Wand              |       |     1 |     1 ||     2
    Use: Scroll            |     3 |     8 |     5 ||    16
         Potion            |       |     1 |       ||     1
   Stab: Sleeping          |     1 |     1 |       ||     2
 Armour: Animal skin       |    78 |   148 |   228 ||   454
  Dodge: Dodged            |    71 |   113 |   134 ||   318
